 Dungeon Crawl Stone Soup version 0.27.0-66-gdc8fb28755 (webtiles) character file.

Game seed: 16571091103280735271

93 funkygono the Firebug (level 4, 0/24 HPs)
             Began as a Gargoyle Fire Elementalist on Aug 20, 2021.
             Slain by Crazy Yiuf (6 damage)
             ... on level 2 of the Dungeon.
             The game lasted 00:04:28 (2378 turns).

funkygono the Firebug (Gargoyle Fire Elementalist)  Turns: 2378, Time: 00:04:28

Health: 0/24       AC:  5    Str: 12    XL:     4   Next: 62%
Magic:  2/7        EV: 12    Int: 16    God:
Gold:   59         SH:  0    Dex: 10    Spells: 3/8 levels left

rFire    . . .     SeeInvis .   d - +0 mace
rCold    . . .     Faith    .   (no shield)
rNeg     + . .     Spirit   .   a - +0 robe
rPois    ∞         Reflect  .   (no helmet)
rElec    +         Harm     .   (no cloak)
rCorr    .         Rampage  .   (no gloves)
Will     .....                  (no boots)
Stlth    ++........             (no amulet)
HPRegen  0.08/turn              (no ring)
MPRegen  0.10/turn              (no ring)

@: no status effects
A: sickness immunity, AC +3, negative energy resistance 1, electricity
resistance, torment resistance 1, petrification resistance
a: no special abilities


You were on level 2 of the Dungeon.
You visited 1 branch of the dungeon, and saw 3 of its levels.

You collected 59 gold pieces.

Inventory:

Hand Weapons
 d - a +0 mace (weapon)
Missiles
 b - 104 stones
Armour
 a - a +0 robe (worn)
Scrolls
 c - a scroll of fear {unknown}
Potions
 e - a potion of attraction
 f - a potion of lignification {unknown}


   Skills:
 + Level 0.9 Fighting
 + Level 1.6 Dodging
 - Level 2.1 Stealth
 + Level 2.6 Spellcasting
 + Level 1.9 Conjurations
 + Level 4.1 Fire Magic
 * Level 0.9 Ice Magic


You had 3 spell levels left.
You knew the following spells:

 Your Spells              Type           Power      Damage    Failure   Level
a - Foxfire               Conj/Fire      44%        2x1d6     5%          1
b - Conjure Flame         Conj/Fire      11%        6-21      17%         3
c - Freeze                Ice            20%        1d4       14%         1

Your spell library contained the following spells:

 Spells                   Type           Power      Damage    Failure   Level
 Inner Flame              Hex/Fire       8%         N/A       24%         3
 Frozen Ramparts          Ice            10%        1d3       38%         3
 Sticky Flame             Conj/Fire      11%        2d3       50%         4
 Hailstorm                Conj/Ice       6%         3d4       73%         4
 Fireball                 Conj/Fire      5%         3d5       83%         5


Dungeon Overview and Level Annotations

Branches:
Dungeon (3/15)

Altars:

Shops:
D:2 *

Annotations:
D:2 Crazy Yiuf


Innate Abilities, Weirdness & Mutations

You are immune to sickness and miasma.
Your stone body is resilient. (AC +3)
You are immune to poison.
You resist negative energy. (rN+)
You are resistant to electric shocks. (rElec)
You are resistant to unholy torment.
You are immune to petrification.


Message History

The foxfire hits Crazy Yiuf.
Crazy Yiuf is moderately wounded.
The foxfire hits Crazy Yiuf.
Crazy Yiuf is heavily wounded.
Casting: Foxfire (safe; 5% risk of failure)
Confirm with . or Enter, or press ? or * to list all spells.
You don't know that spell.
Unknown command.
Crazy Yiuf cries, "Iron!"
Casting: Foxfire (safe; 5% risk of failure)
Confirm with . or Enter, or press ? or * to list all spells.
You conjure some foxfire!
Crazy Yiuf misses you.
The foxfire hits Crazy Yiuf.
Crazy Yiuf is severely wounded.
The foxfire hits Crazy Yiuf.
Crazy Yiuf is severely wounded.
Casting: Foxfire (safe; 5% risk of failure)
Confirm with . or Enter, or press ? or * to list all spells.
You conjure some foxfire!
Crazy Yiuf drinks a potion.
Crazy Yiuf is healed!
The foxfire hits Crazy Yiuf.
Crazy Yiuf is moderately wounded.
The foxfire hits Crazy Yiuf but does no damage.
Crazy Yiuf is moderately wounded.
Casting: Foxfire (safe; 5% risk of failure)
Confirm with . or Enter, or press ? or * to list all spells.
You conjure some foxfire!
Crazy Yiuf hits you with a +4 quarterstaff of chaos!
Ouch! That really hurt!
Crazy Yiuf freezes you.
* * * LOW HITPOINT WARNING * * *
The foxfire hits Crazy Yiuf but does no damage.
Crazy Yiuf is moderately wounded.
The foxfire hits Crazy Yiuf.
Crazy Yiuf is heavily wounded.
You see here 5 javelins.
Casting: Foxfire (safe; 5% risk of failure)
Confirm with . or Enter, or press ? or * to list all spells.
You conjure some foxfire!
Crazy Yiuf hits you with a +4 quarterstaff of chaos.
You die...

#### #<.#####.##.#...
####..#####.##.#... ♣♣♣♣♣###
#....)..>.......... #
♣♣♣.♣..#.###(##..#####.###....
..#♣..♣..P...##.##..#
#.###.#..
..'g♣♣♣♣.........#..#
#........ ..#♣♣ ♣♣.#..##..##.#
#.###.##. #
♣♣#####vg##.#####†# #.##.
#..v@##.......# #.##.
#.##.##.......# #....
####.##.##.......# ####.
#.......##.......# #.
####...###.......# ##.
###.########### #.. #.......#
#.# #...##..## #.# #........#
#.#


You could see Crazy Yiuf (ally target).

Vanquished Creatures
  A gnoll (D:1)
  4 adders (D:2)
  A worm (D:2)
  A dart slug (D:1)
  6 endoplasms
  A giant cockroach (D:1)
  8 goblins
  2 hobgoblins
  A quokka (D:3)
  2 ball pythons
  6 bats
  2 frilled lizards
  4 kobolds
  6 rats
45 creatures vanquished.

Vanquished Creatures (others)
  113 foxfires
  A fungus (D:2)
114 creatures vanquished.

Grand Total: 159 creatures vanquished

Notes
Turn   | Place    | Note
-------+----------+-------------------------------------------
     0 | D:1      | funkygono the Gargoyle Fire Elementalist began the quest
                  | for the Orb.
     0 | D:1      | Reached XP level 1. HP: 10/10 MP: 3/3
     0 | D:1      | Noticed an ogre
     2 | D:1      | Noticed a djinni
     6 | D:1      | Noticed a troll
     7 | D:1      | Noticed a naga
    15 | D:1      | Noticed a minotaur skeleton
    17 | D:1      | Noticed a merfolk zombie
    17 | D:1      | Noticed a dwarf
    19 | D:1      | Noticed a demonspawn
    21 | D:1      | Noticed a merfolk zombie
   417 | D:1      | Reached XP level 2. HP: 15/15 MP: 1/5
   927 | D:1      | Reached XP level 3. HP: 9/19 MP: 1/6
  1092 | D:1      | Learned a level 3 spell: Conjure Flame
  1303 | D:2      | Reached skill level 4 in Fire Magic
  1367 | D:2      | Found Heargh's General Store.
  1453 | D:2      | You fall into a shaft and drop 1 floor!
  1626 | D:2      | Reached XP level 4. HP: 20/24 MP: 4/7
  1671 | D:2      | Learned a level 1 spell: Freeze
  2108 | D:2      | Found a runed translucent door.
  2109 | D:2      | Noticed Crazy Yiuf
  2378 | D:2      | Slain by Crazy Yiuf

Illustrated notes

Levels and vault maps discovered:
D:1:      shiori_arrival_whats_in_store_for_you, layout_basic
D:2:      layout_loops_cross, serial_shops, shop, minmay_tromino_v7,
          uniq_crazy_yiuf_cottage
D:3:      layout_rooms, grunt_ministairs_10, uniq_grinder, uniq_jessica

Skill      XL: |  1  2  3 |
---------------+----------+-----
Fire Magic     | 4 |  4.1
Fighting       | |  0.9
Dodging        | |  1.6
Stealth        | |  2.1
Spellcasting   | |  2.6
Conjurations   | |  1.9
Ice Magic      | |  0.9

Action                   |  1- 3 |  4- 6 || total
-------------------------+-------+-------++-------
Melee: Mace              |    19 |    17 ||    36
 Cast: Foxfire           |    51 |    17 ||    68
       Freeze            |       |     3 ||     3
  Use: Scroll            |     2 |       ||     2
Armor: Robe              |     1 |     4 ||     5
Dodge: Dodged            |    21 |    13 ||    34
